 Dungeon Crawl Stone Soup version 0.31-a0-232-gb1c03b2570 (webtiles) character file.

Game seed: 1381489802859174682

44 qw the Shooter (level 3, -1/21 HPs)
             Began as a Gargoyle Hexslinger on July 7, 2023.
             Slain by a gnoll
             ... wielding a +0 club
              (2 damage)
             ... on level 2 of the Dungeon.
             The game lasted 00:00:18 (1066 turns).

qw the Shooter (Gargoyle Hexslinger)                Turns: 1066, Time: 00:00:19

Health: -1/21      AC:  9    Str: 11    XL:     3   Next: 60%
Magic:  4/4        EV: 10    Int: 13    God:
Gold:   58         SH:  0    Dex: 14    Spells: 3/4 levels left

rFire   . . .        Y - +2 sling (drain)
rCold   . . .        (no shield)
rNeg    + . .        e - +0 ring mail
rPois   inf          (no helmet)
rElec   +            (no cloak)
rCorr   .            (no gloves)
SInv    .            c - +0 pair of boots
Will    .....        (no amulet)
Stlth   +            (no ring)
HPRegen 0.23/turn    (no ring)
MPRegen 0.09/turn

%: no passive effects
@: no status effects
A: sickness immunity, AC +3, negative energy resistance 1, electricity
resistance, torment resistance 1, petrification resistance
a: no special abilities


You were on level 2 of the Dungeon.
You visited 1 branch of the dungeon, and saw 2 of its levels.

You collected 58 gold pieces.


Innate Abilities, Weirdness & Mutations

You are immune to sickness and miasma.
Your stone body is resilient. (AC +3)
You are immune to poison.
You resist negative energy. (rN+)
You are resistant to electric shocks. (rElec)
You are resistant to unholy torment.
You are immune to petrification.


   Skills:
 - Level 2.0 Fighting
 + Level 3.1 Ranged Weapons
 - Level 1.4 Armour
 - Level 1.5 Dodging
 - Level 1.0 Spellcasting
 - Level 2.6 Hexes


You had 3 spell levels left.
You knew the following spells:

 Your Spells              Type           Power      Damage    Failure   Level
a - Slow                  Hex            28%        N/A       22%         1

Your spell library contained the following spells:

 Spells                   Type           Power      Damage    Failure   Level
 Inner Flame              Hex/Fire       4%         N/A       75%         3
 Portal Projectile        Hex/Tloc       8%         N/A       75%         3
 Cause Fear               Hex            3%         N/A       91%         4

Inventory:

Hand Weapons
 Y - a +2 sling of draining (weapon)
Armour
 c - a +0 pair of boots (worn)
 e - a +0 ring mail (worn)
Jewellery
 b - a ring of positive energy
 f - a ring of see invisible
Scrolls
 a - 2 scrolls of identify
Potions
 d - 2 potions of degeneration {unknown}

Dungeon Overview and Level Annotations

Branches:
Dungeon (2/15)

Altars:

Shops:
D:2 (


Message History

The gnoll shouts!
The sling bullet hits the gnoll but does no damage.
The gnoll is severely wounded.
The gnoll hits you but does no damage. The gnoll misses you.
The gnoll completely misses you. The gnoll hits you but does no damage.
You shoot a sling bullet. The sling bullet hits the gnoll.
You kill the gnoll!
The gnoll hits you but does no damage. x2
Your Armour skill increases to level 1!
You shoot a sling bullet.
The sling bullet closely misses the gnoll.
The gnoll hits you but does no damage. The gnoll closely misses you.
You shoot a sling bullet. The sling bullet hits the gnoll.
The gnoll is heavily wounded.
The gnoll hits you from afar with a +0 spear.
The gnoll closely misses you. The gnoll barely misses you.
The gnoll closely misses you.
You shoot a sling bullet.
The sling bullet barely misses the gnoll.
The gnoll barely misses you. The gnoll hits you with a +0 club.
The gnoll hits you with a +0 flail.
You shoot a sling bullet.
The sling bullet hits the gnoll but does no damage.
The gnoll is heavily wounded.
The gnoll hits you from afar with a +0 spear.
The gnoll barely misses you. The gnoll closely misses you.
The gnoll hits you but does no damage. x2; The gnoll barely misses you.
You shoot a sling bullet. The sling bullet hits the gnoll.
The gnoll is heavily wounded.
The gnoll barely misses you. The gnoll closely misses you.
The gnoll barely misses you.
You shoot a sling bullet.
The sling bullet barely misses the gnoll.
The gnoll closely misses you. The gnoll barely misses you. x2
You shoot a sling bullet. The sling bullet hits the gnoll.
The gnoll is heavily wounded.
The gnoll hits you but does no damage. x2; The gnoll barely misses you.
The gnoll hits you with a +0 flail. The gnoll barely misses you.
The gnoll hits you with a +0 club.
You die...

#.####.# #...# #.# #\#
#...... #.# #.# ##..####
#.####.# #.....#
....##.# #.###.#
#.#.##.# #.# #.#
..#.##.# #.###.# #
#.#.##.###.....####..#
#####...........@g..#
#.P..###.........gg..#
#.P...P)#...............
#....P..######.##.#####.
#.....P...# #.# .#
_.....%P..# #.# .#
#.........## #.# ..
#..PP.P.##.# #. ..
#...P.PP####


You could see 3 gnolls.

Vanquished Creatures
  2 gnolls
  An ufetubus (D:2)
  2 endoplasms
  3 giant cockroaches
  2 goblins
  A quokka (D:2)
  3 bats
  2 frilled lizards (D:2)
  2 kobolds
  2 rats
20 creatures vanquished.

Notes
Turn   | Place    | Note
-------+----------+-------------------------------------------
     0 | D:1      | qw the Gargoyle Hexslinger began the quest for the Orb.
     0 | D:1      | Reached XP level 1. HP: 12/12 MP: 2/2
     0 | D:1      | 0 ||| qw: Version: 0.3-a-46-gb1f654a
     0 | D:1      | 0 ||| qw: Game counter: 2206
     0 | D:1      | 0 ||| qw: Melee chars always use a shield: true
     0 | D:1      | 0 ||| qw: God list: Okawaru
     0 | D:1      | 0 ||| qw: Allow faded altars: false
     0 | D:1      | 0 ||| qw: Do Orc after clearing Dungeon:15 true
     0 | D:1      | 0 ||| qw: Do second Lair branch before Depths: true
     0 | D:1      | 0 ||| qw: Lair rune preference: random
     0 | D:1      | 0 ||| qw: Goals: Normal
     0 | D:1      | 0 ||| PLANNING D:1-11
   147 | D:1      | 147 ||| SWAPPING to +2 sling of draining.
   148 | D:1      | 148 ||| DROPPING +1 sling.
   277 | D:1      | 277 ||| UPGRADING to +0 leather armour.
   285 | D:1      | 285 ||| UPGRADING to +0 leather armour.
   295 | D:1      | 295 ||| DROPPING +0 robe.
   296 | D:1      | 296 ||| UPGRADING to +0 ring mail.
   306 | D:1      | 306 ||| DROPPING +0 leather armour.
   362 | D:1      | 362 ||| UPGRADING to +0 pair of boots.
   498 | D:1      | Reached XP level 2. HP: 16/16 MP: 3/3
   504 | D:1      | Reached skill level 3 in Ranged Weapons
   713 | D:1      | 713 ||| READING scroll labelled FAIMUCHIYHI.
   714 | D:1      | 714 ||| DROPPING scroll of poison.
   787 | D:2      | Found Totz's Antique Weapon Shoppe.
   869 | D:2      | Found a faded altar of an unknown god.
   876 | D:2      | Reached XP level 3. HP: 19/21 MP: 4/4
  1060 | D:2      | Reached skill level 1 in Armour
  1062 | D:2      | HP: 5/21 [gnoll/+0 flail (2)]
  1066 | D:2      | HP: 1/21 [gnoll/+0 flail (3)]
  1066 | D:2      | Slain by a gnoll

Levels and vault maps discovered:
D:1:      dpeg_arrival_radiant, layout_loops_ring, serial_bayou,
          serial_bayou_lake_a, serial_bayou_pond_d, serial_bayou_crossing,
          serial_bayou_pond_c
D:2:      layout_loops_ring, shapermc_ecumenical_altar_gd, serial_shops, shop

Skill      XL: |  1  2  3 |
---------------+----------+-----
Ranged Weapons | 3 |  3.1
Fighting       | 2 |  2.0
Armour         | 1 |  1.4
Dodging        | |  1.5
Spellcasting   | |  1.0
Hexes          | |  2.6

Action                     || total
---------------------------++-------
   Fire: Sling             ||    67
    Use: Scroll            ||     1
 Armour: Ring mail         ||    28
         Robe              ||     2
  Dodge: Dodged            ||    48

Table legend:
 A = Non-vault XP
 B = Vault XP
 C = Vault XP percentage of total XP
 D = Non-vault monster count
 E = Vault monster count
 F = Vault count percentage of total count
                 A         B        C        D         E       F
            +---------+---------+-------+---------+---------+-------
      Total |      63 |       0 |   0.0 |      20 |       0 |   0.0
            +---------+---------+-------+---------+---------+-------
        D:1 |      25 |       0 |   0.0 |       8 |       0 |   0.0
        D:2 |      38 |       0 |   0.0 |      12 |       0 |   0.0
            +---------+---------+-------+---------+---------+-------
